Unix NetHack Version 3.7.0-94 Work-in-progress - last build Dec 18 2023 00:11:04 (7e3deff068b9ef4f2ebb9a71ea0f5c4a3b578a14,branch:master). Game began 2023-12-25 12:58:44, ended 2023-12-25 13:03:43. xororand, neutral male human Priest --------- ------------ ----- |.......| |..........| |...| |.......| |..........| ------ ##-...| |.......| ####-......(...| |....| ########## |...| |........### |..........| |..<..### -.--- --.------ |..........| |(...| # # |..........| #.....| ### # ---------.-- #---.-- # #### # ## # # # # # # ### ### ### ## # --.-------- ---|------ ##### ## ##### |.........| |.....@..| # ### -----|- |.........| |...@.fm.| -------------.--## |>....| ####..........| |..?..+..| |..............|# |.....-## |.........| |.??.+...| |..............|# |.....| |.........| |???????.| |..............-# ------- ----------- |%???%.??| |..............| ---------- ---------------- Xororand the Acolyte St:13 Dx:13 Co:13 In:11 Wi:18 Ch:9 Neutral S:574 Dlvl:4 $:0 HP:0(29) Pw:16(70) AC:3 Xp:4/106 T:1417 Latest messages: F - a scroll labeled PHOL ENDE WODAN (unpaid, 133 zorkmids). The kitten drops a blessed scroll labeled KERNOD WEL. You see here a cursed scroll labeled PHOL ENDE WODAN (for sale, 133 zorkmids). The scroll turns to dust as you pick it up. Call a scroll labeled PHOL ENDE WODAN: scare The scroll called scare will cost you 133 zorkmids. You see here a scroll labeled GARVEN DEH (for sale, 133 zorkmids). "For you, good sir; only 133 zorkmids for this scroll labeled GARVEN DEH." z - a scroll labeled GARVEN DEH (unpaid, 133 zorkmids) (2 in total). The kitten picks up a scroll labeled ELBIB YLOH. You see here a cursed scroll labeled KERNOD WEL (for sale, 133 zorkmids). "For you, most gracious sir; only 133 zorkmids for this scroll labeled KERNOD WEL." G - a cursed scroll labeled KERNOD WEL (unpaid, 133 zorkmids). The kitten drops a scroll labeled ELBIB YLOH. Wait! That's a small mimic! The kitten picks up a scroll labeled READ ME. You fail to cast the spell correctly. The small mimic just misses! In what direction? h The sleep ray hits the small mimic. The sleep ray bounces! You hit the small mimic! You miss the small mimic. You miss the small mimic. The kitten drops a scroll labeled READ ME. The small mimic hits! The kitten picks up a scroll labeled GHOTI. You miss the small mimic. You miss the small mimic. You miss the small mimic. You miss the small mimic. You miss the small mimic. You hit the small mimic. You miss the small mimic. You hear a jackal howling at the moon. You hit the small mimic. The small mimic hits! You miss the small mimic. The small mimic hits! You miss the small mimic. The kitten drops a scroll labeled GHOTI. The kitten picks up a scroll labeled READ ME. The small mimic hits! You die... Kinnegad comes and takes all your possessions. Do you want to see what you had when you died? [ynq] (y) n Do you want to see your attributes? [ynq] (y) n Do you want an account of creatures vanquished? [ynaq] (y) n Do you want to see your conduct and achievements? [ynq] (y) n Do you want to see the dungeon overview? [ynq] (y) n Inventory: Weapons p - a rustproof +0 orcish dagger a - a blessed +1 mace (weapon in right hand) Armor n - a +0 helmet (being worn) r - a +0 pair of low boots (being worn) c - a +0 small shield (being worn) b - a +0 robe (being worn) m - a +0 leather armor (being worn) Comestibles e - 2 cloves of garlic k - a food ration f - a sprig of wolfsbane t - 2 tins of dried kobold meat Scrolls E - a blessed scroll of amnesia y - a scroll of charging D - a scroll of create monster z - 2 scrolls of destroy armor u - a scroll of enchant weapon A - a scroll of enchant weapon G - a cursed scroll of fire C - a cursed scroll of food detection w - a scroll of identify x - 2 scrolls of identify B - a blessed scroll of remove curse F - a scroll of scare monster Spellbooks s - a blessed spellbook of cure blindness g - a spellbook of light j - a blessed spellbook of sleep h - a spellbook of stone to flesh Potions o - 3 potions of healing d - 2 potions of holy water Tools i - a magic marker (0:20) Xororand the Priest's attributes: Background: You were an Acolyte, a level 4 human Priest. You were neutral, nominally on a mission for Mog who was opposed by Issek (lawful) and Kos (chaotic). You were right-handed. You were in the Dungeons of Doom, on level 4. You entered the dungeon 1417 turns ago. You had 106 experience points, 54 more were needed to attain level 5. Your score was 574 before end-of-game adjustments. Basics: You had 0 out of 29 hit points. You had 16 out of 70 energy points (spell power). Your armor class was 3. Your wallet was empty. Autopickup was off. Final Characteristics: Your strength was 13 (limit:18/100). Your dexterity was 13 (limit:18). Your constitution was 13 (limit:18). Your intelligence was 11 (limit:18). Your wisdom was 18 (limit:18). Your charisma was 9 (limit:18). Final Status: You weren't hungry. You were unencumbered. You were wielding a mace. You had basic skill with mace. Final Attributes: You were fervently aligned. You were guarded. You are dead. Miscellaneous: You never encountered a bones level. Total elapsed playing time was 4 minutes and 59 seconds. Major events: Turn 1: xororand the neutral human Priest entered the dungeon 1055: attained the rank of Acolyte (level 3) 1417: killed by a small mimic Vanquished creatures: a small mimic a shrieker a homunculus a giant bat 4 coyotes a gecko 6 jackals a fox a goblin 4 grid bugs a bat 3 lichens 2 newts 27 creatures vanquished. No species were genocided or became extinct. Voluntary challenges: You were an atheist. You read items or engraved 6 times. You engraved Elbereth 2 times. You never genocided any monsters. You never polymorphed an object. You never changed form. You used no wishes. Achievements: You attained the rank of Acolyte. You entered a shop. The Dungeons of Doom: levels 1 to 4 Level 1: Level 2: An altar. Level 3: A fountain. Level 4: <- You were here. A scroll shop. Final resting place for you, killed by a small mimic. Game over: ---------- / \ / REST \ / IN \ / PEACE \ / \ | xororand | | 0 Au | | killed by a | | small mimic | | | | | | 2023 | *| * * * | * _________)/\\_//(\/(/\)/\//\/|_)_______ Goodbye xororand the Priest... You died in The Dungeons of Doom on dungeon level 4 with 574 points, and 0 pieces of gold, after 1417 moves. You were level 4 with a maximum of 29 hit points when you died.